 Dungeon Crawl Stone Soup version 0.18-a0-1195-g77a4f03 (webtiles) character file.

186 Kidiri the Conjurer (level 5, -2/29 HPs)
             Began as a Deep Elf Conjurer on Jan 29, 2016.
             Slain by an adder (5 damage)
             ... on level 3 of the Dungeon.
             The game lasted 00:11:59 (3309 turns).

Kidiri the Conjurer (Deep Elf Conjurer)             Turns: 3309, Time: 00:11:59

Health: -2/29      AC:  3    Str:  5    XL:     5   Next: 38%
Magic:  11/13      EV:  9    Int: 21    God:
Gold:   148        SH:  0    Dex: 15    Spells: 4 memorised, 2 levels left

rFire  . . .     SeeInvis .     f - +3 quarterstaff (chaos)
rCold  . . .     Gourm    .     a - +0 robe
rNeg   . . .     Faith    .     (shield currently unavailable)
rPois  .         Spirit   .     (no helmet)
rElec  .         Dismiss  .     e - +0 cloak
rCorr  .         Reflect  .     (no gloves)
SustAt .         Harm     .     (no boots)
MR     .....                    (no amulet)
Stlth  ++........               (no ring)
                                (no ring)

@: lethally poisoned (-2 -> -8), not resistant to hostile enchantments,
unstealthy
A: no striking features
a: no special abilities


You were on level 3 of the Dungeon.
You were hungry.

You visited 1 branch of the dungeon, and saw 3 of its levels.

You collected 148 gold pieces.

Inventory:

Hand Weapons
 f - a +3 quarterstaff of chaos (weapon)
 h - a +1 dagger of holy wrath
Armour
 a - a +0 robe (worn)
 e - a +0 cloak (worn)
 g - a +0 large shield
Wands
 t - a wand of heal wounds (8/9)
Scrolls
 j - 3 scrolls of immolation {unknown}
 n - 2 scrolls of remove curse {unknown}
 s - a scroll of random uselessness {unknown}
Potions
 d - 2 potions of heal wounds
 i - a potion of flight
 l - 4 potions of curing {unknown}
 m - a potion of ambrosia
 o - a potion of lignification
Books
 b - a book of Conjurations

   Spells                             Type                      Level
   a - Magic Dart                     Conjuration                  1
   b - Searing Ray                    Conjuration                  2
   c - Dazzling Spray                 Conjuration/Hexes            3
   d - Fulminant Prism                Conjuration/Hexes            4
   e - Iskenderun's Mystic Blast      Conjuration                  4
   f - Iskenderun's Battlesphere      Conjuration/Charms           5
Comestibles
 c - 4 bread rations
 k - 4 chunks of flesh
 p - 3 fruits
 q - a meat ration
 r - 2 beef jerkies


   Skills:
 + Level 1.0 Fighting
 + Level 0.8 Staves
 + Level 0.5 Armour
 * Level 3.9 Dodging
 + Level 3.3 Stealth
 * Level 0.0 Shields
 * Level 4.1 Spellcasting
 * Level 5.0 Conjurations
 + Level 1.8 Hexes


You had 2 spell levels left.
You knew the following spells:

 Your Spells              Type           Power        Failure   Level  Hunger
a - Magic Dart            Conj           ####         1%          1    None
b - Searing Ray           Conj           ####..       1%          2    #......
c - Dazzling Spray        Conj/Hex       ###.....     10%         3    ###....
d - Iskenderun's Mystic   Conj           ####....     17%         4    ####...


Dungeon Overview and Level Annotations

Branches:
Dungeon (3/15)

Altars:

Annotations:
D:3 Kidiri's ghost, amateur DECj


Message History

You are more poisoned.
The adder poisons you!
The kobold throws a stone.
The stone misses you.
Found a bread ration.
Unknown command.
Kidiri's ghost closely misses you. The adder closely misses you.
Unknown command.
You feel sick.
A hobgoblin comes into view. It is wielding a club.
Unknown command.
You feel sick.
The hobgoblin shouts!
The hobgoblin moves out of view.
There is a stone staircase leading down here.
The adder barely misses you.
Kidiri's ghost gestures at you while chanting.
The spray of energy hits you!
* * * LOW HITPOINT WARNING * * *
The ball python misses you. The ball python closely misses you.
The adder bites you.
You die...

#.........#
#....r....#
#.........#
#...(....?#
#####..Kg.......
#.......###.....
#.?...K.###...).
#$...SSW........
#####$@.........
#......... .
#.........
#.!.......
#...%.....
##########


You could see Kidiri's ghost, an adder, a hobgoblin, a ball python, 2 kobolds
and a rat.

Vanquished Creatures
  Crazy Yiuf (D:2)
  7 adders
  A worm (D:3)
  2 giant geckos
  An orc (D:3)
  A ball python (D:2)
  4 giant cockroaches
  10 goblins
  15 hobgoblins
  14 jackals
  6 kobolds
  2 quokkas (D:2)
  7 bats
  2 giant newts (D:2)
  9 rats
82 creatures vanquished.

Notes
Turn   | Place    | Note
--------------------------------------------------------------
     0 | D:1      | Kidiri the Deep Elf Conjurer began the quest for the Orb.
     0 | D:1      | Reached XP level 1. HP: 10/10 MP: 6/6
   238 | D:1      | Reached XP level 2. HP: 16/16 MP: 4/8
   244 | D:1      | Learned a level 2 spell: Searing Ray
  1016 | D:1      | Reached XP level 3. HP: 12/20 MP: 3/9
  1026 | D:1      | Learned a level 3 spell: Dazzling Spray
  1680 | D:2      | Noticed Crazy Yiuf
  1682 | D:2      | Reached XP level 4. HP: 20/24 MP: 3/11
  1688 | D:2      | Learned a level 4 spell: Iskenderun's Mystic Blast
  1780 | D:2      | Killed Crazy Yiuf
  1780 | D:2      | Reached skill level 1 in Fighting
  1780 | D:2      | Reached skill level 1 in Hexes
  2350 | D:2      | Reached XP level 5. HP: 29/29 MP: 8/13
  2481 | D:2      | Reached skill level 5 in Conjurations
  3302 | D:3      | Noticed Kidiri's ghost (amateur DECj)
  3309 | D:3      | Slain by an adder

Vault maps used:
D:1:      lightli_arrival_noodles
D:2:      uniq_crazy_yiuf_cottage

Action                   |  1- 3 |  4- 6 || total
-------------------------+-------+-------++-------
Melee: Club              |    13 |       ||    13
       Short sword       |    11 |     2 ||    13
       Quarterstaff      |       |    23 ||    23
 Cast: Magic Dart        |    71 |    63 ||   134
       Dazzling Spray    |     2 |     3 ||     5
  Use: Potion            |     1 |       ||     1
       Scroll            |     6 |     2 ||     8
 Stab: Sleeping          |     1 |     2 ||     3
       Invisible         |       |     2 ||     2
  Eat: Chunk             |     2 |     5 ||     7
